 Dungeon Crawl Stone Soup version 0.30.0-29-ga12c61a403 (webtiles) character file.

Game seed: 10109672906391810308

6 ces the Conjurer (level 2, 0/24 HPs)
             Began as a Meteoran Reaver on June 22, 2023.
             Slain by an endoplasm (3 damage)
             ... on level 2 of the Dungeon.
             The game lasted 00:01:19 (146 turns).

ces the Conjurer (Meteoran Reaver)                   Turns: 146, Time: 00:01:20

Health: 0/24       AC:  3    Str: 13    XL:     2   Next: 11%
Magic:  6/6        EV: 12    Int: 14    God:
Gold:   18         SH:  0    Dex: 12    Spells: 5/6 levels left

rFire   . . .        a - +0 hand axe
rCold   . . .        (no shield)
rNeg    . . .        b - +0 leather armour
rPois   .            (no helmet)
rElec   .            (no cloak)
rCorr   .            (no gloves)
SInv    .            (no boots)
Will    .....        (no amulet)
Stlth   +            (no ring)
HPRegen 0.24/turn    (no ring)
MPRegen 0.10/turn

%: no passive effects
@: lethally poisoned (0 -> -7), glowing
A: sense surroundings 1, otherworldly, glowing, explore regen
a: no special abilities


You were on level 2 of the Dungeon.
You visited 1 branch of the dungeon, and saw 2 of its levels.

You collected 18 gold pieces.

Inventory:

Hand Weapons
 a - a +0 hand axe (weapon)
Armour
 b - a +0 leather armour (worn)
Jewellery
 d - a ring of flight
Potions
 c - 2 potions of haste {unknown}


   Skills:
 + Level 2.2 Fighting
 + Level 3.7 Axes
 + Level 2.5 Dodging
 + Level 2.9 Spellcasting
 + Level 3.7 Conjurations


You had 5 spell levels left.
You knew the following spells:

 Your Spells              Type           Power      Damage    Failure   Level
a - Kiss of Death         Conj/Necr      28%        2d7       13%         1

Your spell library contained the following spells:

 Spells                   Type           Power      Damage    Failure   Level
 Momentum Strike          Conj/Tloc      14%        3d8       19%         2
 Hailstorm                Conj/Ice       7%         3d4       36%         3


Dungeon Overview and Level Annotations

Branches:
Dungeon (2/15) Zot: 1049

Altars:


Innate Abilities, Weirdness & Mutations

You passively map a small area around you.
You are easily found by Zot.
You glow in the dark.
You regain HP and MP as you explore.


Message History

You are poisoned.
The adder poisons you!
You closely miss the adder.
You feel sick. The adder bites you. The dart slug launches a dart at you.
The slug dart hits you.
You closely miss the adder.
You feel sick. The adder bites you. The adder misses you.
You hit the adder.
The adder is moderately wounded.
You hit the endoplasm but do no damage.
You feel sick. The endoplasm completely misses you.
The adder bites you but does no damage.
You closely miss the adder.
The adder is moderately wounded.
You barely miss the endoplasm.
You feel sick. The adder bites you but does no damage. The endoplasm hits you.
The adder barely misses you.
You are too injured to fight recklessly!
You are too injured to fight recklessly!
You are too injured to fight recklessly!
You are too injured to fight recklessly!
You hit the endoplasm.
The endoplasm is severely wounded.
You hit the adder.
You feel sick.
You are no longer poisoned.
The endoplasm jiggles.
The endoplasm freezes you.
You are frozen.
* * * LOW HITPOINT WARNING * * *
The adder closely misses you.
You hit the endoplasm but do no damage.
The endoplasm is severely wounded.
You hit the adder. The endoplasm freezes you.
You are frozen.
* * * LOW HITPOINT WARNING * * *
The adder bites you.
* * * LOW HITPOINT WARNING * * *
You are lethally poisoned!
The adder poisons you! The endoplasm hits you.
You die...

* * .#,* * * * .## * ,
, #######.. , ,
......(### *
,,,,........ *, ,
.w...# * * * * #JS..#*
, , * * #@#*.# .. , ,
,#.##.# .....*
#########.##.##..... ,
..........#...#.....
#.#.
#.......##.........
#....
...#####.##.........
.... , ,
####..#......... #..#
, #...............
#..# ,
#(....#..#.##.#####..#


You could see an adder, a dart slug and an endoplasm.

Vanquished Creatures
  A dart slug (D:1)
  2 ball pythons (D:1)
  An endoplasm (D:2)
4 creatures vanquished.

Notes
Turn   | Place    | Note
-------+----------+-------------------------------------------
     0 | D:1      | ces the Meteoran Reaver began the quest for the Orb.
     0 | D:1      | Reached XP level 1. HP: 17/17 MP: 5/5
    69 | D:1      | Reached XP level 2. HP: 12/24 MP: 6/6
   146 | D:2      | Slain by an endoplasm

Illustrated notes

Levels and vault maps discovered:
D:1:      minmay_arrival_plants_in_alcoves, layout_rooms
D:2:      layout_basic

Action                     || total
---------------------------++-------
  Melee: Hand axe          ||    26
 Armour: Leather armour    ||     6
  Dodge: Dodged            ||    13
